 Dungeon Crawl Stone Soup version 0.31-a0-640-g39d97e502b (webtiles) character file.

Game seed: 5163276671138154450

932 greenreed the Ruffian (level 8, 0/59 HPs)
             Began as a Djinni Shapeshifter on Aug 27, 2023.
             Slain by Edmund
             ... wielding a +4 flail of protection
              (4 damage)
             ... on level 4 of the Dungeon.
             The game lasted 00:07:40 (4119 turns).

greenreed the Ruffian (Djinni Shapeshifter)         Turns: 4119, Time: 00:07:41

Health: 0/59       AC:  6    Str: 14 (15) XL:     8   Next: 33%
Gold:   158        EV: 10    Int:  9 (12) God:
                   SH:  0    Dex: 12 (13)

rFire   + +          .
                       - Unarmed
rCold   x . .        (no shield)
rNeg    . . .        e - +0 scale mail
rPois   ∞            (helmet currently unavailable)
rElec   .            (cloak currently unavailable)
rCorr   .            (gloves currently unavailable)
SInv    .            (boots unavailable)
Will    .....        j - amulet of the acrobat Stlth
                     (no ring)
HPRegen 0.29/turn    (no ring)
MPRegen 0.00/turn

%: acrobat, infuse magic (-1 HP)
@: brilliant, beast-form, flying
A: beast (slay +2), flying, sickness immunity, fire resistance 2, cold
vulnerability 1, float, innate caster, HP casting, extra vitality 1
a: Begin Untransformation


You were on level 4 of the Dungeon.
You were a hulking beast.
You visited 1 branch of the dungeon, and saw 5 of its levels.

You collected 158 gold pieces.

Inventory:

Armour
 a - a +0 animal skin
 e - a +0 scale mail (worn)
Magical Staves
 n - a staff of cold
Jewellery
 j - an amulet of the acrobat (around neck)
 p - a ring of protection from fire
Talismans
 b - a storm talisman
 c - a beast talisman (active)
 d - a flux talisman
Scrolls
 g - 2 scrolls of immolation {unknown}
 h - a scroll of poison {unknown}
 k - 6 scrolls of identify {unknown}
 m - a scroll of summoning {unknown}
 q - 2 scrolls of vulnerability {unknown}
 v - a scroll of teleportation {unknown}
Potions
 r - a potion of cancellation
 s - a potion of enlightenment
 t - a potion of curing {unknown}
 u - a potion of might {unknown}


   Skills:
 * Level 5.1 Fighting
 + Level 4.5 Dodging
 * Level 6.0 Unarmed Combat
 + Level 4.0 Shapeshifting


You knew the following spells:

 Your Spells              Type           Power      Damage    Failure   Level
a - Sting                 Tmut/Pois      0%         1d3       88%         1
b - Poisonous Vapours     Pois/Air       0%         N/A       95%         2
c - Call Imp              Summ           0%         N/A       95%         2
Your spell library was empty.

Dungeon Overview and Level Annotations

Branches:
Dungeon (5/15)
 Temple: D:4-7

Altars:
Okawaru

Annotations:
D:3 2 transporters
D:4 Edmund


Innate Abilities, Weirdness & Mutations

You are a hulking beast.
Your limbs bulge with bestial killing power. (Slay +2)
You are flying.
You are immune to sickness and miasma.
You are immune to poison.
Your flesh is very heat resistant. (rF++)
You are vulnerable to cold. (rC-)
You float through the air rather than walking.
You learn spells naturally, not from books.
Your magical power is your life essence.
You have superior vitality. (+4 MHP)


Message History

You are too injured to fight recklessly!
You are too injured to fight recklessly!
You closely miss Edmund.
Edmund is moderately wounded.
Edmund hits you with a +4 flail of protection!
You hit Edmund.
Edmund is moderately wounded.
Edmund hits you but does no damage. Edmund attacks as he pursues you!
Edmund misses you. Edmund attacks as he pursues you!
Edmund completely misses you. Edmund attacks as he pursues you!
Edmund completely misses you.
Your enlightenment fades.
Edmund attacks as he pursues you!
Edmund hits you with a +4 flail of protection!
* * * LOW HITPOINT WARNING * * *
Edmund attacks as he pursues you! Edmund completely misses you.
Edmund attacks as he pursues you! Edmund barely misses you.
Edmund attacks as he pursues you! Edmund barely misses you.
Edmund attacks as he pursues you!
Edmund hits you with a +4 flail of protection!
* * * LOW HITPOINT WARNING * * *
Edmund attacks as he pursues you! Edmund completely misses you.
Edmund attacks as he pursues you!
Edmund hits you with a +4 flail of protection!
* * * LOW HITPOINT WARNING * * *
Edmund attacks as he pursues you! Edmund hits you but does no damage.
Edmund attacks as he pursues you!
Edmund hits you with a +4 flail of protection.
* * * LOW HITPOINT WARNING * * *
There is an open door here.
It was a potion of brilliance.
You feel clever all of a sudden.
Edmund hits you with a +4 flail of protection.
* * * LOW HITPOINT WARNING * * *
It was a potion of degeneration.
There was something very wrong with that liquid.
You feel weakened.
You feel dopey.
You feel clumsy.
Edmund hits you with a +4 flail of protection.
You die...
Edmund whines, "They better pay attention to me now!"

...#....#......#............#
...#....#......#............#
..####'###...###'#########.##
..##...###...###..###...####
###.....#..........#.....#
...#...............#.....#
...###...#.........#.....#
#.#...#..#.........#.....#
#.#...###.......h..#...."#
#.#...#.....#####@##....######
..)###...######...##....##...##
#.#.....#...........[...#.....#
#.#...###...............#.....#
#.#..#...#..............#.....#
...###...#.'###...##..####..#####
.....#...#..###...#########'###..
###...###....................#...


You could see Edmund.

Vanquished Creatures
  Prince Ribbit (D:4)
  Sigmund (D:3)
  Menkaure (D:5)
  An ice beast (D:4)
  A black bear (D:5)
  A howler monkey (D:4)
  2 hounds (D:4)
  Jessica (D:2)
  6 adders
  A gnoll (D:5)
  3 worms (D:2)
  3 dart slugs
  6 orcs
  5 ball pythons (D:1)
  3 bats (D:1)
  8 endoplasms
  2 giant cockroaches (D:2)
  3 goblins
  8 hobgoblins
  4 jackals
  4 quokkas
  6 frilled lizards
  7 kobolds
  3 rats
81 creatures vanquished.

Notes
Turn   | Place    | Note
-------+----------+-------------------------------------------
     0 | D:1      | greenreed the Djinni Shapeshifter began the quest for the
                  | Orb.
     0 | D:1      | Reached XP level 1. HP: 17/17 MP: 0/0
     6 | D:1      | Noticed a ragged hierophant
     6 | D:1      | Noticed a tyrant leech
     6 | D:1      | Noticed a basilisk
     7 | D:1      | Noticed a fire giant
   115 | D:1      | Reached XP level 2. HP: 17/22 MP: 0/0
   620 | D:1      | Reached XP level 3. HP: 26/28 MP: 0/0
   620 | D:1      | Learned a level 1 spell: Sting
   917 | D:1      | Found a faded altar of an unknown god.
  1266 | D:2      | Reached XP level 4. HP: 33/33 MP: 0/0
  1393 | D:2      | Noticed Jessica
  1400 | D:2      | Killed Jessica
  1710 | D:3      | Reached XP level 5. HP: 37/39 MP: 0/0
  1710 | D:3      | Learned a level 2 spell: Poisonous Vapours
  1817 | D:3      | Found a transporter.
  1830 | D:3      | Noticed Sigmund
  1918 | D:2      | Reached skill level 4 in Unarmed Combat
  2019 | D:3      | Killed Sigmund
  2020 | D:3      | Reached XP level 6. HP: 24/46 MP: 0/0
  2464 | D:3      | Found a transporter.
  3265 | D:4      | Reached XP level 7. HP: 40/51 MP: 0/0
  3265 | D:4      | Learned a level 2 spell: Call Imp
  3341 | D:5      | Entered Level 5 of the Dungeon
  3341 | D:5      | Noticed Edmund
  3361 | D:5      | Noticed Menkaure
  3362 | D:5      | Found an iron altar of Okawaru.
  3621 | D:4      | Reached skill level 5 in Unarmed Combat
  3787 | D:5      | Noticed Prince Ribbit
  3821 | D:5      | Killed Menkaure
  3862 | D:5      | Reached XP level 8. HP: 18/58 MP: 0/0
  4043 | D:4      | Killed Prince Ribbit
  4044 | D:4      | Reached skill level 5 in Fighting
  4044 | D:4      | Reached skill level 6 in Unarmed Combat
  4119 | D:4      | Slain by Edmund

Illustrated notes

Levels and vault maps discovered:
D:1:      onia_arrival_zoo_common, layout_basic,
          hellmonk_ecumenical_altar_inner_sanctum
D:2:      layout_rooms, uniq_jessica
D:3:      gammafunk_wand_slinger, layout_loops_cross, serial_aquarium,
          aquarium_bridge_straight [aquarium_subvault_bridge,
          aquarium_subvault_window, aquarium_subvault_bridge,
          aquarium_subvault_wall], aquarium_window_1, aquarium_window_2,
          aquarium_window_fake, aquarium_view_2c, aquarium_view_2b,
          serial_bayou_pond_e, hangedman_decor_growths, uniq_sigmund
D:4:      layout_gridville, nicolae_titane
D:5:      wander_guarded_unrand_ratskin, layout_basic,
          nicolae_overflow_hidden_temple, corexii_corridor_pit, uniq_menkaure,
          uniq_duvessa, uniq_prince_ribbit1, uniq_edmund

Skill      XL: |  1  2  3  4  5  6  7  8 |
---------------+-------------------------+-----
Fighting       | 2 3 4 5 |  5.1
Shapeshifting  | 3 4 |  4.0
Unarmed Combat | 4 5 6 |  6.0
Dodging        | 3 4 |  4.5

Action                     |  1- 3 |  4- 6 |  7- 9 || total
---------------------------+-------+-------+-------++-------
  Melee: Unarmed           |   120 |   143 |    66 ||   329
         Punch             |     2 |     9 |     2 ||    13
    Use: Potion            |       |     1 |     6 ||     7
 Armour: Animal skin       |     6 |       |       ||     6
         Scale mail        |    39 |    35 |    24 ||    98
         Skin              |       |    26 |       ||    26
  Dodge: Dodged            |    65 |    84 |    47 ||   196
   Form: Storm             |       |     1 |       ||     1
         Beast             |       |     1 |       ||     1

Table legend: (Time is in decaauts)
 A = Elapsed time spent in this place.
 B = Non-inter-level travel time spent in this place.
 C = Inter-level travel time spent in this place.
 D = Time resting spent in this place.
 E = Time spent auto-exploring this place.
 F = Levels seen in this place.
 G = Mean time per level.
                   A        B        C        D        E       F      G
               +--------+--------+--------+--------+--------+-----+--------+
         Total |   4103 |   3860 |    243 |    473 |   2534 |   5 |  820.6 |
       Dungeon |   4103 |   3860 |    243 |    473 |   2534 |   5 |  820.6 |
               +--------+--------+--------+--------+--------+-----+--------+

Top non-repeatable levels by time:
     D:3: 1130 daAuts
     D:4: 1078 daAuts
     D:1: 1071 daAuts
     D:2: 697 daAuts
     D:5: 125 daAuts
